 Dungeon Crawl Stone Soup version 0.27-a0-1184-ge86db4a01e (webtiles) character file.

Game seed: 16862513616310425027

45 mordus the Shield-Bearer (level 3, -1/29 HPs)
             Began as a Demonspawn Fighter on May 18, 2021.
             Killed from afar by an orc wizard (5 damage)
             ... with a puff of flame
             ... on level 3 of the Dungeon.
             The game lasted 00:02:40 (1891 turns).

mordus the Shield-Bearer (Demonspawn Fighter)       Turns: 1891, Time: 00:02:41

Health: -1/29      AC:  9    Str: 17    XL:     3   Next: 42%
Magic:  3/3        EV:  7    Int:  9    God:
Gold:   123        SH:  9    Dex: 12    Spells: 2/2 levels left

rFire    . . .     SeeInvis .   a - +0 trident
rCold    . . .     Faith    .   c - +0 kite shield
rNeg     . . .     Spirit   .   b - +0 scale mail
rPois    .         Reflect  .   (helmet restricted)
rElec    .         Harm     .   m - +0 cloak
rCorr    .         Rampage  .   (no gloves)
Will     .....                  (no boots)
Stlth    ..........             (no amulet)
HPRegen  0.09/turn              (no ring)
MPRegen  0.08/turn              (no ring)

@: no status effects
A: horns 1, icy blue scales 1
a: no special abilities


You were on level 3 of the Dungeon.
You visited 1 branch of the dungeon, and saw 3 of its levels.

You collected 123 gold pieces.

Inventory:

Hand Weapons
 a - a +0 trident (weapon)
Armour
 b - a +0 scale mail (worn)
 c - a +0 kite shield (worn)
 m - a +0 cloak (worn)
Jewellery
 h - an amulet of magic regeneration
 j - a +4 ring of evasion
 o - an amulet of faith
Scrolls
 e - 2 scrolls of teleportation {unknown}
 f - 4 scrolls of identify {unknown}
 g - a scroll of noise {unknown}
 i - a scroll of vulnerability {unknown}
Potions
 d - a potion of might
 k - a potion of magic {unknown}
 l - a potion of mutation {unknown}
 n - a potion of curing {unknown}


   Skills:
 - Level 3.0 Fighting
 * Level 2.8 Polearms
 + Level 3.1 Armour
 + Level 3.1 Shields


You had 2 spell levels left.
You didn't know any spells.
Your spell library was empty.

Dungeon Overview and Level Annotations

Branches:
Dungeon (3/15)

Altars:
Kikubaaqudgha


Innate Abilities, Weirdness & Mutations

You have a pair of small horns on your head.
You are partially covered in icy blue scales. (AC +2)


Message History

The orc is almost dead.
The orc hits you with a +2 vorpal hand axe.
You are too injured to fight recklessly!
You are too injured to fight recklessly!
You are too injured to fight recklessly!
You are too injured to fight recklessly!
You puncture the orc!
You kill the orc!
You hit the orc.
You kill the orc!
You block something's attack.
You closely miss something.
You hear some strange, mumbled words.
A magic dart appears from out of thin air!
The magic dart hits you but does no damage.
You miss something.
You hear some strange, mumbled words.
Something tries to affect you, but you resist.
You miss something.
Something hits you but does no damage. x2
You hit something. You headbutt something.
Something hits you but does no damage.
You hit something but do no damage. Your headbutt misses something.
You hear some strange, mumbled words.
A magic dart appears from out of thin air!
The magic dart hits you.
You closely miss something. Something hits you. x2
* * * LOW HITPOINT WARNING * * *
You miss something. You headbutt something.
You hear some strange, mumbled words.
A puff of flame appears from out of thin air!
The puff of flame hits you.
* * * LOW HITPOINT WARNING * * *
You miss something. Something hits you but does no damage.
You hear some strange, mumbled words.
Something tries to affect you, but you resist.
You barely miss something.
You hear some strange, mumbled words.
A puff of flame appears from out of thin air!
The puff of flame hits you.
You die...

.........##.#.....##.# #....
..........#.....#.##.# #..#.
###+###...###.#.#....###..#.
.###.......................#
...........###.#.......###.#
............#. #.......#<#.#
............#....##+##.#.#.#
............#######.##...#.#
............@{o>.............
............##...............
............##...............
...[.........#{..............
.............#...............
.............#.........######
............#...###...
####.......#..... .
#.......###....


You could see an orc.

Vanquished Creatures
  2 dart slugs
  3 orcs (D:3)
  2 ball pythons
  3 bats
  6 endoplasms
  3 goblins (D:1)
  4 hobgoblins
  2 kobolds
  3 quokkas
  2 frilled lizards
  3 rats
33 creatures vanquished.

Vanquished Creatures (others)
  A plant (D:1)
1 creature vanquished.

Grand Total: 34 creatures vanquished

Notes
Turn   | Place    | Note
-------+----------+-------------------------------------------
     0 | D:1      | mordus the Demonspawn Fighter began the quest for the Orb.
     0 | D:1      | Reached XP level 1. HP: 18/18 MP: 1/1
   540 | D:1      | Gained mutation: You have a pair of small horns on your
                  | head. [demonic ancestry]
   540 | D:1      | Reached XP level 2. HP: 24/24 MP: 2/2
  1079 | D:2      | Found an ancient bone altar of Kikubaaqudgha.
  1443 | D:2      | Found a faded altar of an unknown god.
  1457 | D:2      | Gained mutation: You are partially covered in icy blue
                  | scales. (AC +2) [demonic ancestry]
  1457 | D:2      | Reached XP level 3. HP: 29/29 MP: 3/3
  1891 | D:3      | Killed from afar by an orc wizard

Illustrated notes

Levels and vault maps discovered:
D:1:      eino_arrival_water_cross, layout_loops_cross, minmay_cupped
D:2:      layout_basic, basic_altar, shapermc_ecumenical_altar_venn
D:3:      layout_basic, nrook_mini_backslash, minmay_misc_feat_chi

Skill      XL: |  1  2 |
---------------+-------+-----
Polearms       | 2 |  2.8
Armour         | 3 |  3.1
Shields        | 3 |  3.1
Fighting       | |  3.0

Action                   || total
-------------------------++-------
Melee: Trident           ||   120
       Headbutt          ||     8
Armor: Scale mail        ||    40
Dodge: Dodged            ||    22
Block: Kite shield       ||    47

Table legend: (Time is in decaauts)
 A = Elapsed time spent in this place.
 B = Non-inter-level travel time spent in this place.
 C = Inter-level travel time spent in this place.
 D = Time resting spent in this place.
 E = Time spent auto-exploring this place.
 F = Levels seen in this place.
 G = Mean time per level.
                   A        B        C        D        E       F      G
               +--------+--------+--------+--------+--------+-----+--------+
         Total |   1940 |   1889 |     51 |    291 |   1325 |   3 |  646.7 |
       Dungeon |   1940 |   1889 |     51 |    291 |   1325 |   3 |  646.7 |
               +--------+--------+--------+--------+--------+-----+--------+

Top non-repeatable levels by time:
     D:1: 1068 daAuts
     D:2: 651 daAuts
     D:3: 221 daAuts
